Workbook

Sheet Monthly
A1: Category | B1: Jan | C1: Feb | D1: Mar | E1: Apr | F1: May | G1: Jun | H1: Jul | I1: Aug | J1: Sep | K1: Oct | L1: Nov | M1: Dec | N1: Year
A2: Income | N2: =SUM(B2:M2) -> 0
A3: FIXED
A4: Housing | N4: =SUM(B4:M4) -> 0
A5: Utilities | N5: =SUM(B5:M5) -> 0
A6: Phone | N6: =SUM(B6:M6) -> 0
A7: Internet | N7: =SUM(B7:M7) -> 0
A8: Health Ins | N8: =SUM(B8:M8) -> 0
A9: Auto Ins | N9: =SUM(B9:M9) -> 0
A10: Other Ins | N10: =SUM(B10:M10) -> 0
A11: Transport | N11: =SUM(B11:M11) -> 0
A12: Childcare | N12: =SUM(B12:M12) -> 0
A13: Debt | N13: =SUM(B13:M13) -> 0
A14: Other | N14: =SUM(B14:M14) -> 0
A15: VARIABLE
A16: Groceries | N16: =SUM(B16:M16) -> 0
A17: Transport | N17: =SUM(B17:M17) -> 0
A18: Medical | N18: =SUM(B18:M18) -> 0
A19: Repairs | N19: =SUM(B19:M19) -> 0
A20: Other | N20: =SUM(B20:M20) -> 0
A21: DISCRETIONARY
A22: Dining | N22: =SUM(B22:M22) -> 0
A23: Entertainment | N23: =SUM(B23:M23) -> 0
A24: Subscriptions | N24: =SUM(B24:M24) -> 0
A25: Personal | N25: =SUM(B25:M25) -> 0
A26: Travel | N26: =SUM(B26:M26) -> 0
A27: Hobbies | N27: =SUM(B27:M27) -> 0
A28: Car | N28: =SUM(B28:M28) -> 0
A29: Other | N29: =SUM(B29:M29) -> 0
A30: SAVINGS
A31: Emergency | N31: =SUM(B31:M31) -> 0
A32: Retirement | N32: =SUM(B32:M32) -> 0
A33: House | N33: =SUM(B33:M33) -> 0
A34: Car | N34: =SUM(B34:M34) -> 0
A35: Travel | N35: =SUM(B35:M35) -> 0
A36: Other | N36: =SUM(B36:M36) -> 0
A37: NET | B37: =B2-(SUM(B3:B36)) -> 0 | C37: =C2-(SUM(C3:C36)) -> 0 | D37: =D2-(SUM(D3:D36)) -> 0 | E37: =E2-(SUM(E3:E36)) -> 0 | F37: =F2-(SUM(F3:F36)) -> 0 | G37: =G2-(SUM(G3:G36)) -> 0 | H37: =H2-(SUM(H3:H36)) -> 0 | I37: =I2-(SUM(I3:I36)) -> 0 | ... N37: =N2-(SUM(N3:N36)) -> 0

Sheet Summary
A2: Total Income | B2: =Monthly!N2 -> 0
A3: Average Monthly Income | B3: =B2/12 -> 0
A4: Total Expenses | B4: =SUM(Monthly!N4:'Monthly'!N29) -> 0
A5: Average Monthly Cost of Living | B5: =SUM(Monthly!N4:'Monthly'!N20)/12 -> 0
A6: Fixed vs Variable Split | B6: =IF(SUM(Monthly!N4:'Monthly'!N14) + SUM(Monthly!N16:'Monthly'!N29) = 0, 0, SUM(Monthly!N4:'Monthly'!N14) / (SUM(Monthly!N4:'Monthly'!N14) + SUM(Monthly!N16:'Monthly'!N29))) -> 0
A7: Total Savings | B7: =SUM(Monthly!N31:'Monthly'!N36) -> 0
A8: % of Income Saved | B8: =IF(Monthly!N2=0, 0, (Monthly!N32 / Monthly!N2)/100) -> 0
A9: Net Cash Flow | B9: =Monthly!N2-SUM(Monthly!N4:'Monthly'!N36) -> 0
A10: Average Monthly Net | B10: =B9/12 -> 0
